 Dungeon Crawl Stone Soup version 0.28-a0-1404-g4df0f3684d (webtiles) character file.

Game seed: 6570727764438149375

21259 kae the Grappler (level 12, -2/105 HPs)
             Began as a Grey Draconian Transmuter on Jan 5, 2022.
             Was a Follower of Ru.
             Slain by an 11-headed hydra (9 damage)
             ... on level 11 of the Dungeon.
             The game lasted 00:17:34 (15366 turns).

kae the Grappler (Grey Draconian Transmuter)       Turns: 15366, Time: 00:17:34

Health: -2/105     AC: 15    Str: 14    XL:     12   Next: 52%
Magic:  19/21      EV: 14    Int: 23    God:    Ru [*.....]
Gold:   1518       SH:  0    Dex: 12    Spells: 5/23 levels left

rFire   . . .      SeeInvis +     - Unarmed
rCold   . . .      Faith    .   (no shield)
rNeg    . . .      Spirit   .   (armour unavailable)
rPois   .          Reflect  .   (helmet restricted)
rElec   .          Harm     .   r - +1 cloak
rCorr   .          Rampage  .   (no gloves)
Will    .....                   (no boots)
Stlth   +.........              v - amulet of regeneration
HPRegen 1.07/turn               a - ring of see invisible
MPRegen 0.17/turn               h - +6 ring of intelligence

@: no status effects
A: AC +13, amphibious, unfitting armour, cold-blooded, disrupted magic 1
a: Renounce Religion


You were on level 11 of the Dungeon.
You worshipped Ru.
Ru was aware of your devotion.
You visited 2 branches of the dungeon, and saw 13 of its levels.
You also visited: Bailey.

You collected 1539 gold pieces.
You spent 21 gold pieces at shops.

Inventory:

Missiles
 q - 8 throwing nets
Armour
 r - a +1 cloak (worn)
Jewellery
 a - a ring of see invisible (left hand)
 d - a ring of positive energy
 h - a +6 ring of intelligence (right hand)
 k - a ring of positive energy
 p - a +6 ring of intelligence
 v - an amulet of regeneration (around neck)
 w - a +4 ring of protection
 A - a +6 ring of dexterity
 B - a +4 ring of evasion
Wands
 s - a wand of iceblast (20)
 H - a wand of mindburst (6)
Scrolls
 j - 4 scrolls of magic mapping
 m - a scroll of enchant armour
 n - 2 scrolls of teleportation
 t - a scroll of enchant weapon
 x - a scroll of summoning
 y - 5 scrolls of identify
 C - 2 scrolls of fog
 F - a scroll of amnesia
Potions
 b - a potion of invisibility
 c - 3 potions of cancellation
 e - 2 potions of lignification
 f - 3 potions of curing
 g - a potion of mutation
 i - 8 potions of brilliance
 l - a potion of berserk rage
 o - 4 potions of might
 u - 3 potions of flight
 z - a potion of magic
 D - 3 potions of heal wounds
 E - a potion of haste
Miscellaneous
 G - a phantom mirror


   Skills:
 + Level 9.6 Fighting
 + Level 7.5 Dodging
 * Level 12.7 Unarmed Combat
 - Level 6.0 Spellcasting
 - Level 2.0 Translocations
 + Level 10.1 Transmutations
 - Level 4.0 Ice Magic
 - Level 1.0 Poison Magic


You had 5 spell levels left.
You knew the following spells:

 Your Spells              Type           Power      Damage    Failure   Level
a - Beastly Appendage     Tmut           100%       N/A       1%          1
b - Spider Form           Tmut/Pois      32%        N/A       4%          3
c - Ice Form              Ice/Tmut       39%        N/A       8%          4
d - Blade Hands           Tmut           26%        N/A       6%          5
e - Frozen Ramparts       Ice            50%        1d7       8%          3
f - Blink                 Tloc           32%        N/A       9%          2

Your spell library contained the following spells:

 Spells                   Type           Power      Damage    Failure   Level
 Wereblood                Tmut           52%        N/A       1%          2
 Passwall                 Tmut/Erth      25%        N/A       3%          2
 Animate Skeleton         Necr           12%        N/A       13%         1
 Pain                     Necr           24%        1d5       13%         1
 Slow                     Hex            24%        N/A       13%         1
 Lesser Beckoning         Tloc           16%        N/A       16%         3
 Portal Projectile        Hex/Tloc       22%        N/A       24%         3
 Confusing Touch          Hex            6%         N/A       34%         3
 Dazzling Flash           Conj/Hex       12%        N/A       34%         3
 Swiftness                Air            6%         N/A       34%         3
 Tukima's Dance           Hex            6%         N/A       34%         3
 Vampiric Draining        Necr           6%         2d6       34%         3
 Yara's Violent Unravell  Hex/Tmut       15%        3d8       36%         5
 Passage of Golubria      Tloc           16%        N/A       45%         4
 Summon Ice Beast         Ice/Summ       16%        N/A       45%         4
 Iskenderun's Mystic Bla  Conj/Tloc      11%        2d4       58%         4
 Fulminant Prism          Conj/Hex       3%         3d6       71%         4
 Manifold Assault         Tloc           16%        N/A       78%         5
 Agony                    Necr           6%         N/A       96%         5
 Excruciating Wounds      Necr           3%         N/A       96%         5
 Iskenderun's Battlesphe  Conj           6%         2d6       96%         5
 Lee's Rapid Deconstruct  Erth           3%         3d6*      96%         5
 Silence                  Hex/Air        3%         N/A       96%         5
 Iron Shot                Conj/Erth      3%         9d2       100%        6
 Spellforged Servitor     Conj/Summ      3%         N/A       100%        7


Dungeon Overview and Level Annotations

Branches:
Dungeon (12/15)            Temple (1/1) D:7            Lair (0/6) D:11
    Orc (0/2) D:11         Bailey (visited)

Altars:
Ashenzari
Cheibriados
Dithmenos
Elyvilon
Fedhas
Gozag
Hepliaklqana
Kikubaaqudgha
Makhleb
Nemelex Xobeh
Okawaru
Qazlal
Ru
Sif Muna
Trog
Uskayaw
Vehumet
Wu Jian
Xom
Yredelemnul
Zin
The Shining One
Beogh

Shops:
D:5 [[*:(   D:6 *

Annotations:
D:11 exclusion: 2 doors


Innate Abilities, Weirdness & Mutations

Your dull iron-grey scales are very hard. (AC +13)
You are amphibious.
You cannot fit into any form of body armour.
You are cold-blooded and may be slowed by cold attacks.
Your casting is slightly disrupted.


Message History

The 11-headed hydra bites you. The 11-headed hydra bites you!
The 11-headed hydra bites you but does no damage.
The 11-headed hydra misses you. The 11-headed hydra closely misses you.
The 11-headed hydra misses you. The 11-headed hydra bites you!
The 11-headed hydra barely misses you.
The 11-headed hydra bites you but does no damage.
You are too injured to fight recklessly!
You are too injured to fight recklessly!
You barely miss the 11-headed hydra.
The 11-headed hydra is severely wounded.
The 11-headed hydra bites you. The 11-headed hydra misses you.
The 11-headed hydra bites you. x2
The 11-headed hydra completely misses you.
The 11-headed hydra barely misses you.
The 11-headed hydra completely misses you.
The 11-headed hydra bites you but does no damage.
The 11-headed hydra bites you! The 11-headed hydra bites you.
The 11-headed hydra closely misses you.
You pummel the 11-headed hydra!! Your punch misses the 11-headed hydra.
The 11-headed hydra is almost dead.
You hit the 11-headed hydra.
Your tail-slap misses the 11-headed hydra.
The 11-headed hydra is almost dead.
The 11-headed hydra bites you but does no damage. x3
The 11-headed hydra completely misses you.
The 11-headed hydra bites you but does no damage.
The 11-headed hydra barely misses you. The 11-headed hydra bites you!
The 11-headed hydra bites you.
* * * LOW HITPOINT WARNING * * *
The 11-headed hydra bites you!
* * * LOW HITPOINT WARNING * * *
The 11-headed hydra bites you!
* * * LOW HITPOINT WARNING * * *
The 11-headed hydra bites you.
* * * LOW HITPOINT WARNING * * *
You punch the 11-headed hydra!
Your tail-slap misses the 11-headed hydra.
The 11-headed hydra is almost dead.
The 11-headed hydra bites you!
You die...

######## #......#
#......############# ##
#............D.....# .#
#.....####..)@)....# .#
#.....#..######....#
.###.....#.......#....#
.........#.......#....###########
.........#.......#...............
.........#.......#......#######..
.........#######'#..<...#.....#..
........................#.....#..
........................#.....#..


You could see a 11-headed hydra.

Vanquished Creatures
  Snorg (D:11)
  Josephine (D:10)
  Harold (D:10)
  Erolcha (D:10)
  2 hydras (D:10)
  An ogre mage (D:10)
  2 death knights (D:10)
  A tengu warrior (D:10)
  A deep elf knight (D:10)
  2 flayed ghosts (D:10)
  Pikel (D:5)
  An ugly thing (D:10)
  A cyclops (D:11)
  2 manticores (D:12)
  A gargoyle (D:7)
  Psyche (D:10)
  An unseen horror (D:11)
  A troll (D:11)
  Prince Ribbit (D:5)
  4 slime creatures
  Sigmund (D:3)
  5 wraiths
  14 yaks
  A basilisk (D:11)
  Edmund (D:5)
  An acid dragon (D:10)
  2 water moccasins (D:7)
  3 orc warriors
  A hornet zombie (D:5)
  A sky beast (D:5)
  A black bear (D:6)
  2 ogres
  5 wolves (Bailey)
  4 phantoms
  6 centaurs
  A lemure (D:5)
  3 kobold brigands
  A bullfrog (D:8)
  8 gnoll sergeants (Bailey)
  A scorpion (D:4)
  2 water moccasin zombies (D:5)
  15 killer bees
  2 water moccasin skeletons (D:5)
  4 wights (D:9)
  3 howler monkeys
  8 centaur zombies
  A bullfrog zombie (D:3)
  12 orc priests
  Crazy Yiuf (D:5)
  3 hounds
  A jelly (D:7)
  7 gnoll shamans (Bailey)
  An iguana (D:4)
  6 orc wizards
  Natasha (thrice) (D:4)
  A killer bee zombie (D:6)
  A hound skeleton (D:4)
  3 howler monkey zombies
  A howler monkey skeleton (D:6)
  15 gnolls
  7 adders
  An adder skeleton (D:4)
  A worm (D:4)
  A dart slug (D:1)
  42 orcs
  6 ball pythons
  5 bats
  3 endoplasms
  8 giant cockroaches
  7 goblins
  6 hobgoblins
  13 kobolds
  5 quokkas
  A frilled lizard (D:3)
  8 rats
293 creatures vanquished.

Vanquished Creatures (collateral kills)
  A kobold (D:4)
1 creature vanquished.

Vanquished Creatures (others)
  A howler monkey zombie (D:8)
1 creature vanquished.

Grand Total: 295 creatures vanquished

Notes
Turn   | Place    | Note
-------+----------+-------------------------------------------
     0 | D:1      | kae the Draconian Transmuter began the quest for the Orb.
     0 | D:1      | Reached XP level 1. HP: 16/16 MP: 3/3
    95 | D:1      | Reached XP level 2. HP: 19/23 MP: 3/5
   184 | D:1      | Found a faded altar of an unknown god.
  1282 | D:2      | Reached XP level 3. HP: 28/28 MP: 4/6
  1286 | D:2      | Learned a level 3 spell: Spider Form
  1302 | D:2      | Found a shimmering altar of Xom.
  1943 | D:3      | Reached XP level 4. HP: 35/35 MP: 6/8
  1976 | D:3      | Noticed Sigmund
  2009 | D:3      | Killed Sigmund
  2010 | D:3      | Reached skill level 5 in Transmutations
  2010 | D:3      | Reached XP level 5. HP: 36/40 MP: 5/10
  3156 | D:4      | Noticed Natasha
  3205 | D:4      | Reached XP level 6. HP: 46/47 MP: 9/11
  3211 | D:4      | Learned a level 4 spell: Ice Form
  3270 | D:4      | Reached skill level 1 in Ice Magic
  3424 | D:4      | Killed Natasha
  3430 | D:4      | Noticed Natasha
  3435 | D:4      | Killed Natasha
  3436 | D:4      | Reached skill level 1 in Poison Magic
  3485 | D:4      | Noticed Natasha
  3496 | D:4      | Killed Natasha
  3581 | D:4      | Your scales start taking on a dull iron-grey colour.
  3581 | D:4      | Reached XP level 7. HP: 36/52 MP: 10/13
  4439 | D:5      | Entered Level 5 of the Dungeon
  4443 | D:5      | Found Liosief Zoda's Antique Armour Emporium.
  4530 | D:5      | Found a runed translucent door.
  4531 | D:5      | Noticed Crazy Yiuf
  4607 | D:5      | Noticed Prince Ribbit
  4616 | D:5      | Killed Prince Ribbit
  4617 | D:5      | Noticed Pikel
  4640 | D:5      | Killed Pikel
  4641 | D:5      | Reached XP level 8. HP: 10/59 MP: 13/15
  4903 | D:5      | Found Coelaz Cuon's Assorted Antiques.
  4910 | D:5      | Bought a scroll labelled CECHEI KAUPOO for 21 gold pieces
  4916 | D:5      | Found Uwahoshe's Book Shop.
  4987 | D:5      | Found Xoupt's Weapon Shop.
  5003 | D:5      | Reached skill level 5 in Spellcasting
  5081 | D:5      | Noticed Edmund
  5104 | D:5      | Killed Edmund
  5749 | D:5      | Found Weeral Ceome's Antique Armour Shoppe.
  5822 | D:5      | Reached XP level 9. HP: 64/64 MP: 12/17
  6239 | D:5      | Killed Crazy Yiuf
  7022 | D:6      | Reached skill level 10 in Transmutations
  7332 | D:6      | Found Lietoara's Elemental Accessories.
  7521 | D:6      | Reached skill level 4 in Unarmed Combat
  7990 | D:6      | Identified the +0 ring mail of Heoso {Harm rN+ rCorr Int-3}
  8022 | D:6      | Learned a level 5 spell: Blade Hands
  8081 | D:6      | Learned a level 3 spell: Frozen Ramparts
  8084 | D:6      | Learned a level 2 spell: Blink
  8375 | D:7      | Found a staircase to the Ecumenical Temple.
  8383 | Temple   | Entered the Ecumenical Temple
  8464 | D:7      | Found a sacrificial altar of Ru.
  8471 | D:7      | Became a worshipper of Ru the Awakened
  8490 | D:7      | Noticed a gargoyle
  8496 | D:7      | Reached skill level 5 in Unarmed Combat
  8496 | D:7      | Reached skill level 1 in Translocations
  8506 | D:7      | Killed a gargoyle
  9266 | D:8      | Found a flagged portal.
  9281 | Bailey   | Entered a bailey
  9294 | Bailey   | Reached skill level 6 in Unarmed Combat
  9938 | Bailey   | Reached XP level 10. HP: 79/79 MP: 17/19
 10814 | Bailey   | Reached skill level 7 in Unarmed Combat
 11106 | D:8      | Reached skill level 5 in Fighting
 11152 | D:8      | Gained mutation: Your casting is slightly disrupted. [Ru
                  | sacrifice]
 11152 | D:8      | Reached * piety under Ru
 11920 | D:9      | Reached skill level 8 in Unarmed Combat
 12363 | D:10     | Entered Level 10 of the Dungeon
 12405 | D:10     | Noticed a death knight
 12424 | D:10     | Killed a death knight
 12568 | D:10     | Reached skill level 9 in Unarmed Combat
 12619 | D:10     | Reached XP level 11. HP: 91/91 MP: 16/20
 12634 | D:10     | Noticed a six-headed hydra
 12642 | D:10     | Killed a 14-headed hydra
 12642 | D:10     | Noticed a flayed ghost
 12645 | D:10     | HP: 4/91 [flayed ghost (16)]
 12647 | D:10     | Killed a flayed ghost
 12648 | D:10     | Reached skill level 5 in Dodging
 12886 | D:10     | Noticed a tengu warrior
 12889 | D:10     | Killed a tengu warrior
 12891 | D:10     | Noticed a flayed ghost
 12895 | D:10     | Killed a flayed ghost
 12896 | D:10     | Reached skill level 10 in Unarmed Combat
 12896 | D:10     | Noticed Psyche
 12898 | D:10     | Killed Psyche
 12920 | D:10     | Noticed Josephine
 12946 | D:10     | Noticed a purple ugly thing
 12955 | D:10     | Killed a purple ugly thing
 13002 | D:10     | Noticed Harold
 13007 | D:10     | Noticed a death knight
 13009 | D:10     | Killed Harold
 13009 | D:10     | Noticed a deep elf knight
 13014 | D:10     | Killed a death knight
 13065 | D:10     | Killed a deep elf knight
 13174 | D:10     | Noticed Erolcha
 13181 | D:10     | Killed Erolcha
 13182 | D:10     | Reached skill level 11 in Unarmed Combat
 13371 | D:10     | Noticed a seven-headed hydra
 13374 | D:10     | Killed a ten-headed hydra
 13387 | D:10     | Noticed an ogre mage
 13391 | D:10     | Killed an ogre mage
 13441 | D:10     | Killed Josephine
 13442 | D:10     | Reached XP level 12. HP: 91/103 MP: 21/21
 14127 | D:11     | Found a staircase to the Orcish Mines.
 14192 | D:11     | Found a staircase to the Lair.
 14425 | D:11     | Noticed Snorg
 14437 | D:11     | Killed Snorg
 14438 | D:11     | Reached skill level 12 in Unarmed Combat
 14571 | D:11     | Noticed an eight-headed hydra
 15216 | D:12     | Noticed a seven-headed hydra
 15366 | D:11     | Slain by an 11-headed hydra

Illustrated notes

Levels and vault maps discovered:
D:1:      wander_arrival_lonely_grave, layout_basic,
          shapermc_ecumenical_altar_starsandcircs, minmay_misc_feat_pillars,
          minmay_misc_feat_alley, moated_statue, minmay_tetromino_o2
D:2:      layout_loops_ring, basic_altar
D:3:      layout_basic, gup_sewer_entry_pipe, serial_bayou_pond_b, uniq_sigmund
D:4:      layout_cave_pools, uniq_natasha
D:5:      layout_loops_ring, serial_shops, shop, shop,
          nicolae_shop_temple_entry_statues_fountains, kennysheep_mini,
          nicolae_shop_trees, minivault_14, uniq_edmund, uniq_pikel,
          uniq_crazy_yiuf_cottage, uniq_prince_ribbit1
D:6:      layout_basic, nicolae_elemental_shop
D:7:      nicolae_cairo_tiling_very_big, layout_loops_ring,
          mainiacjoe_overflow_tiny_flanked, minmay_temple_entry_wispy
D:8:      layout_rooms, enter_bailey_3, minmay_holes
D:9:      layout_long_grid
D:10:     minmay_chopped_fan, layout_basic, minmay_microvault, uniq_psyche,
          uniq_erolcha, uniq_josephine, uniq_harold
D:11:     nicolae_whirlpool, layout_irregular_city, lair_entry_dummy,
          minmay_orc_entry_temple_small, uniq_snorg
D:12:     layout_basic, nicolae_trove_entry_crystal
Temple:   grunt_wide_crystal_templ

Skill      XL: |  1  2  3  4  5  6  7  8  9 10 11 12 |
---------------+-------------------------------------+-----
Transmutations | 3 5 7 9 10 | 10.1
Spellcasting   | 3 4 5 6 |  6.0
Ice Magic      | 2 4 |  4.0
Poison Magic   | 1 |  1.0
Dodging        | 2 4 6 7 |  7.5
Fighting       | 4 6 8 9 |  9.6
Unarmed Combat | 6 9 11 12 | 12.7
Translocations | 2 |  2.0

Action                   |  1- 3 |  4- 6 |  7- 9 | 10-12 || total
-------------------------+-------+-------+-------+-------++-------
Melee: Unarmed           |    79 |   120 |   358 |   408 ||   965
       Headbutt          |     7 |     4 |       |       ||    11
       Kick              |    14 |     5 |       |       ||    19
       Tailslap          |    11 |     1 |     3 |    44 ||    59
       Punch             |     1 |       |       |    28 ||    29
 Cast: Beastly Appendage |    26 |     7 |     1 |       ||    34
       Spider Form       |       |    15 |     6 |       ||    21
       Ice Form          |       |       |    31 |    16 ||    47
       Blade Hands       |       |       |       |    34 ||    34
Invok: Sacrifice Essence |       |       |       |     1 ||     1
       Reject Sacrifices |       |       |       |     1 ||     1
Evoke: Wand              |       |       |       |     1 ||     1
  Use: Scroll            |     4 |     3 |    14 |     3 ||    24
       Potion            |       |       |     2 |     1 ||     3
 Stab: Sleeping          |       |     1 |       |       ||     1
       Distracted        |       |       |       |     1 ||     1
Armor: Skin              |    34 |    12 |   150 |   188 ||   384
Dodge: Dodged            |    64 |    89 |   208 |   291 ||   652

Table legend: (Time is in decaauts)
 A = Elapsed time spent in this place.
 B = Non-inter-level travel time spent in this place.
 C = Inter-level travel time spent in this place.
 D = Time resting spent in this place.
 E = Time spent auto-exploring this place.
 F = Levels seen in this place.
 G = Mean time per level.
                   A        B        C        D        E       F      G
               +--------+--------+--------+--------+--------+-----+--------+
         Total |  15304 |  14860 |    444 |    888 |  11552 |  14 | 1093.1 |
       Dungeon |  13436 |  13008 |    428 |    696 |  10263 |  12 | 1119.7 |
        Temple |     69 |     53 |     16 |      0 |     37 |   1 |   69.0 |
        Bailey |   1797 |   1797 |      0 |    192 |   1252 |   1 | 1797.0 |
               +--------+--------+--------+--------+--------+-----+--------+

Top non-repeatable levels by time:
     D:5: 2152 daAuts
  Bailey: 1797 daAuts
     D:6: 1508 daAuts
     D:3: 1448 daAuts
    D:11: 1436 daAuts
    D:10: 1330 daAuts
     D:4: 1240 daAuts
     D:1: 1042 daAuts
     D:7: 986 daAuts
     D:9: 776 daAuts
     D:2: 701 daAuts
     D:8: 605 daAuts
    D:12: 210 daAuts
  Temple: 69 daAuts
